 Dungeon Crawl Stone Soup version 0.22-a0-800-g058c00f (webtiles) character file.

175 zishaf the Firebug (level 5, -6/35 HPs)
             Began as a Barachi Fire Elementalist on July 21, 2018.
             Mangled by Natasha (9 damage)
             ... on level 3 of the Dungeon.
             The game lasted 00:10:54 (3423 turns).

zishaf the Firebug (Barachi Fire Elementalist)      Turns: 3423, Time: 00:10:55

Health: -6/35      AC:  2    Str:  9    XL:     5   Next: 55%
Magic:  0/10       EV: 13    Int: 17    God:
Gold:   106        SH:  0    Dex: 12    Spells: 2/10 levels left

rFire    . . .     SeeInvis .   r - +0 halberd
rCold    . . .     Gourm    .   (shield currently unavailable)
rNeg     . . .     Faith    .   a - +0 robe
rPois    +         Spirit   .   (no helmet)
rElec    .         Reflect  .   (no cloak)
rCorr    .         Harm     .   (no gloves)
MR       .....                  (no boots)
Stlth    +.........             (no amulet)
HPRegen  0.11/turn              h - ring of attention (curse)
MPRegen  0.12/turn              l - ring of poison resistance

@: slow
A: +LOS, swims, slowness 1, strong legs 1
a: Hop


You were on level 3 of the Dungeon.
You were not hungry.

You visited 1 branch of the dungeon, and saw 3 of its levels.

You collected 106 gold pieces.

Inventory:

Hand Weapons
 o - a +1 dagger of holy wrath
 r - a +0 halberd (weapon)
Missiles
 n - 15 poisoned needles
Armour
 a - a +0 robe (worn)
Jewellery
 g - a cursed ring of teleportation {unknown}
 h - a cursed ring of attention (left hand)
 l - a ring of poison resistance (right hand)
Scrolls
 d - a scroll of immolation {unknown}
 f - a scroll of teleportation {unknown}
 k - a scroll of fog {unknown}
 m - a scroll of magic mapping {unknown}
 s - 2 scrolls of remove curse {unknown}
Potions
 b - a potion of lignification {unknown}
 e - 2 potions of invisibility {unknown}
 i - 2 potions of curing
 j - 2 potions of resistance {unknown}
 p - a potion of magic {unknown}
 q - a potion of might {unknown}
Comestibles
 c - 2 rations
 t - 5 chunks of flesh


   Skills:
 - Level 3.2 Dodging
 - Level 1.7 Stealth
 + Level 3.4 Spellcasting
 + Level 3.1 Conjurations
 + Level 4.4 Fire Magic


You had 2 spell levels left.
You knew the following spells:

 Your Spells              Type           Power        Failure   Level  Hunger
a - Flame Tongue          Conj/Fire      ###..        3%          1    None
b - Throw Flame           Conj/Fire      ###...       5%          2    ##.....
c - Fireball              Conj/Fire      ###.......   69%         5    ######.

Your spell library contained the following spells:

 Spells                   Type           Power        Failure   Level  Hunger
 Conjure Flame            Conj/Fire      ###.....     11%         3    ###....
 Sticky Flame             Conj/Fire      ###.....     34%         4    ####...
 Inner Flame              Hex/Fire       ##......     21%         3    ###....


Dungeon Overview and Level Annotations

Branches:
Dungeon (3/15)

Altars:
Yredelemnul

Annotations:
D:3 Natasha, Robin


Innate Abilities, Weirdness & Mutations

Shadows flee at your approach. (+LOS)
You can swim through water.
You cover ground slowly.
You can hop short distances.


Message History

Aim: Natasha (severely wounded)
The flame tongue hits Natasha.
Natasha appears unharmed.
Natasha is severely wounded.
Natasha misses you.
You barely miss Natasha.
Natasha is severely wounded.
Natasha claws you!
* * * LOW HITPOINT WARNING * * *
Natasha casts a spell.
Natasha howls an incantation.
Natasha glows brightly for a moment.
Natasha claws you!
* * * LOW HITPOINT WARNING * * *
Casting: Flame Tongue (safe; 3% risk of failure)
Confirm with . or Enter, or press ? or * to list all spells.
Aiming: Flame Tongue (safe; 3% risk of failure)
Press: ? - help, Shift-Dir - straight line, f/p - Natasha
Aim: Natasha (severely wounded)
The flame tongue misses Natasha.
Natasha claws you!
You die...

##.#...#.# #.#### #...#...####
#####5# ### ###.#.#....# #.5h..#
#####.# #.#...##.# #5#####
#.....## #.######.# #5..#
#.....#. ####.# #....#
###5#######.....#. #....# #.####
#.5.............#. #.####
#.#######h#.#######....... #....#
#.......#@#.....###....##.
#.##+#########.#...###...'....##.
......# #...#.#######....##.
......# ###.#......##....##.
......# #.#.)###.##....##.
############# #....#...##....##.
#....# #...##.####....### #....#
#..............### #....#
#######.##........


You could see Natasha, a crimson imp and a shadow imp.

Vanquished Creatures
  Natasha (twice) (D:3)
  An adder (D:2)
  2 oozes (D:1)
  5 worms
  A dart slug (D:3)
  7 leopard geckos
  13 bats
  3 giant cockroaches
  18 goblins
  6 hobgoblins
  2 jackals (D:3)
  A quokka (D:2)
  2 frilled lizards (D:2)
  5 kobolds
  13 rats
81 creatures vanquished.

Notes
Turn   | Place    | Note
-------+----------+-------------------------------------------
     0 | D:1      | zishaf the Barachi Fire Elementalist began the quest for the Orb.
     0 | D:1      | Reached XP level 1. HP: 13/13 MP: 3/3
    71 | D:1      | Reached XP level 2. HP: 15/19 MP: 1/5
   126 | D:1      | Learned a level 2 spell: Throw Flame
   514 | D:1      | Reached XP level 3. HP: 24/24 MP: 4/6
  1133 | D:2      | Found a basalt altar of Yredelemnul.
  1520 | D:2      | Reached XP level 4. HP: 27/30 MP: 0/8
  1931 | D:3      | Reached skill level 4 in Fire Magic
  2352 | D:3      | Noticed Natasha
  2354 | D:3      | Killed Natasha
  2354 | D:3      | Reached XP level 5. HP: 32/35 MP: 6/9
  2366 | D:3      | Learned a level 5 spell: Fireball
  2562 | D:3      | Noticed Robin
  3378 | D:3      | Noticed Natasha
  3392 | D:3      | Killed Natasha
  3397 | D:3      | Noticed Natasha
  3423 | D:3      | Mangled by Natasha

Vault maps used:
D:1:      giann_forest_graveyard
D:2:      cheibrodos_old_hovel, first_ration, eino_curves_04,
          yredelemnul_altar_generic
D:3:      uniq_natasha, uniq_robin

Skill      XL: |  1  2  3  4  5 |
---------------+----------------+-----
Conjurations   | 2 3 |  3.1
Dodging        | 3 |  3.2
Fire Magic     | 4 |  4.4
Spellcasting   | 3 |  3.4
Stealth        | |  1.7

Action                   |  1- 3 |  4- 6 || total
-------------------------+-------+-------++-------
Melee: Spear             |    64 |       ||    64
       Unarmed           |     1 |       ||     1
       Dagger            |       |     3 ||     3
       Halberd           |       |    21 ||    21
 Cast: Flame Tongue      |    51 |    57 ||   108
       Throw Flame       |     2 |    21 ||    23
 Abil: Hop               |       |     2 ||     2
 Stab: Sleeping          |     1 |       ||     1
  Eat: Chunk             |     3 |     7 ||    10
Armor: Robe              |    19 |    10 ||    29
Dodge: Dodged            |    56 |    60 ||   116

Table legend:
 A = Spawn XP
 B = Non-spawn XP
 C = Spawn XP percentage of total XP
 D = Spawn monster count
 E = Non-spawn monster count
 F = Spawn count percentage of total count
 G = Total turns spent on level
                    A         B        C        D         E        F      G
               +---------+---------+-------+---------+---------+-------+---------
         Total |       0 |     250 |   0.0 |       0 |      81 |   0.0 |  3423
               +---------+---------+-------+---------+---------+-------+---------
           D:1 |       0 |      46 |   0.0 |       0 |      22 |   0.0 |   898
           D:2 |       0 |      66 |   0.0 |       0 |      27 |   0.0 |  1450
           D:3 |       0 |     138 |   0.0 |       0 |      32 |   0.0 |  1075
               +---------+---------+-------+---------+---------+-------+---------
